AoeStats
← 海峡

Arabia

508793923Analyzed
1v1 RM · 9d ago on Sep 24, 2026· 94m 6s· 2 players
Game mode
Random Map
Map size
Tiny (2 player)
Population
200
Speed
Normal
Resources
Standard
Victory
Conquest
Starting age
Dark Age
Ending age
Imperial Age
RankedLock teamsTeams togetherTeam positionsShared explorationLock speedFull tech treeHidden civsTurbo modeCheats
Victory
Defeat
🇨🇳 Dravidians · China
1606
+19
🇦🇷 Saxons · Argentina
1663
-19
海峡
7:35 Loom
9:46 Feudal Age
9:50 Man-at-Arms
10:47 Double-Bit Axe
15:17 Horse Collar
18:28 Padded Archer Armor
21:41 Castle Age
20:09 Gold Mining
21:33 Scale Mail Armor
21:43 Forging
22:40 Wheelbarrow
22:40 Bow Saw
22:40 Heavy Plow
22:06 Long Swordsman
22:40 Gambesons
23:02 Squires
24:21 Chain Mail Armor
31:41 Town Watch
34:27 Imperial Age
32:10 Forging
32:33 Stone Mining
33:26 Iron Casting
34:57 Hand Cart
35:40 Plate Mail Armor
34:41 Two-Handed Swordsman
35:07 Arson
36:35 Two-Man Saw
36:38 Town Patrol
37:05 Fletching
37:31 Leather Archer Armor
38:33 Blast Furnace
37:49 Leather Archer Armor
37:52 Bodkin Arrow
38:13 Leather Archer Armor
37:58 Elite Skirmisher
38:43 Thumb Ring
40:14 Chemistry
39:34 Ballistics
39:45 Masonry
39:02 Champion
40:08 Leather Archer Armor
40:25 Bracer
41:37 Conscription
42:12 Ring Archer Armor
42:05 Murder Holes
42:01 Guard Tower
42:19 Pikeman
43:49 Wootz Steel
43:52 Scale Barding Armor
44:04 Elite Elephant Archer
45:35 Chain Barding Armor
45:24 Medical Corps
45:29 Halberdier
47:50 Guard Tower
48:10 Arrowslits
48:59 Chain Barding Armor
49:10 Fortified Wall
49:39 Keep
50:56 Hoardings
54:26 Siege Elephant
63:08 Guilds
69:15 Husbandry
Jhoonas
6:07 Loom
8:38 Feudal Age
9:47 Double-Bit Axe
15:08 Fletching
21:47 Castle Age
20:17 Horse Collar
21:07 Padded Archer Armor
21:03 Gold Mining
21:57 Elite Skirmisher
22:33 Bodkin Arrow
25:14 Bow Saw
26:53 Ballistics
32:27 Wheelbarrow
31:42 Town Watch
31:50 Stone Mining
32:24 Leather Archer Armor
35:03 Thumb Ring
35:48 Bloodlines
37:37 Husbandry
41:43 Imperial Age
41:28 Scale Mail Armor
42:25 Hand Cart
42:29 Bracer
43:35 Chemistry
43:22 Squires
43:08 Gambesons
43:47 Conscription
43:15 Gambesons
43:44 Forging
44:54 Chain Mail Armor
44:54 Cranequins
45:34 Shield Wall
45:39 Heavy Mounted Crossbowman
47:38 Plate Mail Armor
47:10 Heavy Plow
49:02 Hoardings
51:10 Ring Archer Armor
52:10 Two-Man Saw
52:55 Shield Wall
54:57 Iron Casting
56:14 Pikeman
58:00 Guilds
57:13 Halberdier
65:01 Murder Holes
80:18 Gambesons
80:01 Man-at-Arms
81:00 Long Swordsman
81:39 Two-Handed Swordsman
82:35 Champion
83:04 Arson
Connection lost

Rejoining the realm…

Still unreachable

The connection could not be restored.

Session expired

The server has moved on; the page needs a fresh start.